Unix NetHack Version 5.0.0-0 post-release - last build May 23 2026 06:08:33 (1c0ff79ee797540d5714e4e18072db0edd9e58ae,branch:main).

Game began 2026-05-26 21:20:42, ended 2026-05-26 21:24:58.

CyberFan, lawful female dwarven Archeologist

                                                         -------------
   ----------                                            |..{........|
   |........|               ----------------             |...........|
   |..>.....|               |..............|             |...........|
   |........|               |..............|            #............|
   |..[......#             #-......`.......|            #|.........<.|
   --[-.-----#             #|...............            #-------------
     # #     ##            #----------------            ##
     # ###--n###           ##                            #
     #        #           #########                      #
   --.----    #             #     ###       #            #
   |.....|#####             #       0##########          #
   |.....|   ##             #              ## ########   #
   |.....|    ##------------#              ##########.####
   -------     #|...........#              #............##
               #..`........|                #..........{.#
                ------------                #############

CyberFan the Field Worker  St:16 Dx:10 Co:11 In:16 Wi:12 Ch:10  Lawful
Dlvl:3  $:7  HP:0(28) Pw:4(4) AC:10 Xp:3/52 T:918 

Latest messages:
 You hear a door open.
 You find a hidden passage.
 You hit the wood nymph!
 The wood nymph stole a red gem.
 The wood nymph vanishes!
 You hit the wood nymph.
 The wood nymph stole a scroll of teleportation.
 The wood nymph vanishes!
 You swap places with your kitten.
 You hear someone counting gold coins.
 You hit the wood nymph.
 The wood nymph stole a platinum wand.
 The wood nymph vanishes!
 Something is written here in the dust.
 You read: "| ac?a ium".
 You swap places with your kitten.
 That door is closed.
 In what direction?
 This door is locked.
 What do you want to use or apply? [aefhi or ?*]
 In what direction do you want to dig? [hykulnb>]
 You start chopping at the door.
 You hit the door with all your might.
 You break through the door with your pick-axe.
 You descend the stairs.
 t - a scroll of confuse monster (2 in total).
 $ - 4 gold pieces (7 in total).
 You climb up the stairs.
 You kill the goblin!
 Your kitten eats a goblin corpse.
 You hit the red mold.
 You are suddenly very hot!
 You kill the red mold!
 You see here a red mold corpse.
 There is a red mold corpse here; eat it? [ynq] (n)
 This red mold corpse tastes okay.
 You finish eating the red mold corpse.
 You swap places with your kitten.
 x - an iron skull cap.
 What do you want to drop? [$acefhiklqrtv-x or ?*]
 You drop an iron skull cap.
 The wood nymph zaps a platinum wand!
 The bolt of fire whizzes by you!
 The bolt of fire bounces!
 The bolt of fire whizzes by you!
 The wood nymph zaps a wand of fire!
 The bolt of fire hits you!
 The wood nymph zaps a wand of fire!
 The bolt of fire hits you!
 You die...

Inventory:
 Coins    ('$')
  $ - 7 gold pieces
 Weapons  (')')
  a - an uncursed +2 bullwhip (alternate weapon; not wielded)
 Armor    ('[')
  c - an uncursed +0 fedora
 Scrolls  ('?')
  t - 2 uncursed scrolls of confuse monster
  r - an uncursed scroll of punishment
 Potions  ('!')
  l - an uncursed potion of enlightenment
 Rings    ('=')
  k - a cursed -2 ring of adornment
  q - an uncursed ring of conflict
  w - an uncursed ring of shock resistance
 Tools    ('(')
  h - an empty uncursed sack
  e - an uncursed +0 pick-axe (weapon in right hand)
  i - an uncursed tin opener
  f - an uncursed tinning kit (0:97)
 Gems/Stones  ('*')
  v - a cursed worthless piece of green glass

CyberFan the Archeologist's attributes:

Background:
 You were a Field Worker, a level 3 female dwarven Archeologist.
 You were lawful, on a mission for Quetzalcoatl
 who was opposed by Camaxtli (neutral) and Huhetotl (chaotic).
 You were right-handed.
 You were in the Dungeons of Doom, on level 3.
 You entered the dungeon 918 turns ago.
 You had 52 experience points, 28 more were needed to attain level 4.

Basics:
 You had 0 out of 28 hit points.
 You had all 4 energy points (spell power).
 Your armor class was 10.
 Your wallet contained 7 zorkmids.
 Autopickup was on for '$%?!"=/*', with exceptions.

Final Characteristics:
 Your strength was 16 (limit:18/100).
 Your dexterity was 10 (limit:20).
 Your constitution was 11 (limit:20).
 Your intelligence was 16 (limit:16).
 Your wisdom was 12 (limit:16).
 Your charisma was 10 (limit:16).

Final Status:
 You weren't hungry.
 You were unencumbered.
 You were wielding a pick-axe.
 You had basic skill with pick-axe.
 You weren't wearing any armor.

Final Attributes:
 You were devoutly aligned.
 You had automatic searching.
 You had infravision.
 You are dead.

Miscellaneous:
 You disabled loading and storing of bones levels.
 Total elapsed playing time was 4 minutes and 15 seconds.

Major events:
 Turn
    1: CyberFan the lawful female dwarven Archeologist entered the dungeon
  612: attained the rank of Field Worker (level 3)
  918: killed by a bolt of fire zapped by a wood nymph

You didn't know any spells.

Skills:
 Fighting Skills
   bare handed combat [Unskilled]
   two weapon combat  [Unskilled]
   riding             [Unskilled]
 Weapon Skills
   dagger             [Unskilled]
   knife              [Unskilled]
   pick-axe           [Basic]
   short sword        [Unskilled]
   saber              [Unskilled]
   club               [Unskilled]
   quarterstaff       [Unskilled]
   sling              [Unskilled]
   dart               [Unskilled]
   boomerang          [Unskilled]
   whip               [Basic]
   unicorn horn       [Unskilled]
 Spellcasting Skills
   attack spells      [Unskilled]
   healing spells     [Unskilled]
   divination spells  [Unskilled]
   matter spells      [Unskilled]

Voluntary challenges:
 Character rerolling was not enabled.
 You were an atheist.
 You never genocided any monsters.
 You never polymorphed an object.
 You never changed form.
 You used no wishes.
Achievement:
 You attained the rank of Field Worker.

 The Dungeons of Doom: levels 1 to 4
    Level 1:
       A fountain.
    Level 2:
       A sink.
    Level 3: <- You were here.
       Some fountains, many trees.
       Final resting place for
          you, killed by a bolt of fire zapped by a wood nymph.
    Level 4:


Vanquished creatures:
  a red mold
  2 geckos
  2 jackals
  a fox
  3 goblins
  2 sewer rats
  a grid bug
  4 lichens
  3 newts
19 creatures vanquished.

No species were genocided or became extinct.

Game over:
                       ----------
                      /          \
                     /    REST    \
                    /      IN      \
                   /     PEACE      \
                  /                  \
                  |     CyberFan     |
                  |       7 Au       |
                  | killed by a bolt |
                  |  of fire zapped  |
                  | by a wood nymph  |
                  |                  |
                  |       2026       |
                 *|     *  *  *      | *
        _________)/\\_//(\/(/\)/\//\/|_)_______

Goodbye CyberFan the Archeologist...

You died in The Dungeons of Doom on dungeon level 3 with 365 points,
and 7 pieces of gold, after 918 moves.
You were level 3 with a maximum of 28 hit points when you died.

